AoeStats
← 陟遐自迩

Arena

509089045Analyzed
4v4 RM · 6d ago on Sep 25, 2026· 33m 50s· 8 players
Game mode
Random Map
Map size
Large (8 player)
Population
200
Speed
Normal
Resources
Standard
Victory
Conquest
Starting age
Dark Age
Ending age
Imperial Age
RankedLock teamsTeams togetherTeam positionsShared explorationLock speedFull tech treeHidden civsTurbo modeCheats
Victory
Defeat
🇫🇷 Khmer · France
1150
+11
🇯🇵 Burmese · Japan
1075
+14
🇳🇱 Sicilians · Netherlands
1070
+14
🇹🇷 Chinese · Türkiye
1033
+14
🇯🇵 Portuguese · Japan
1049
-14
🇩🇪 Danes · Germany
1038
-14
🇦🇺 Persians · Australia
1012
-13
🇨🇳 Mongols · China
1000
-12
GNxSoldier
8:58 Loom
10:44 Feudal Age
12:21 Double-Bit Axe
12:59 Horse Collar
18:21 Castle Age
18:16 Forging
19:39 Iron Casting
21:31 Bow Saw
23:30 Scale Mail Armor
24:09 Pikeman
28:01 Wheelbarrow
29:22 Chain Mail Armor
30:56 First Crusade
hohoho
10:56 Feudal Age
14:34 Castle Age
13:19 Horse Collar
15:11 Loom
30:01 Gold Mining
30:14 Heavy Plow
34:07 Imperial Age
31:47 Fletching
32:49 Bodkin Arrow
33:00 Scale Barding Armor
33:05 Forging
33:08 Bloodlines
32:59 Husbandry
34:09 Gold Shaft Mining
33:24 Stone Mining
34:15 Wheelbarrow
33:25 Town Watch
thomaskuro
11:10 Feudal Age
13:52 Castle Age
12:03 Double-Bit Axe
12:12 Horse Collar
14:52 Bow Saw
21:02 Wheelbarrow
21:00 Gold Mining
21:26 Stone Mining
22:11 Heavy Plow
26:38 Imperial Age
23:56 Loom
24:54 Hand Cart
24:25 Town Watch
25:29 Scale Barding Armor
25:34 Forging
26:06 Fortified Wall
26:52 Bloodlines
26:43 Husbandry
27:04 Chain Barding Armor
27:53 Gold Shaft Mining
27:53 Stone Shaft Mining
28:32 Chemistry
27:53 Ballistics
28:25 Fletching
29:57 Siege Engineers
30:57 Conscription
31:02 Masonry
31:24 Crop Rotation
31:12 Tusk Swords
33:03 Elite Battle Elephant
demir perde
0:31 Loom
11:13 Feudal Age
12:10 Double-Bit Axe
12:06 Horse Collar
16:28 Wheelbarrow
18:02 Castle Age
20:17 Wheelbarrow
20:57 Bow Saw
20:53 Heavy Plow
25:12 Caravan
25:35 Gold Mining
25:35 Stone Mining
27:15 Hand Cart
26:45 Town Watch
28:31 Town Patrol
31:56 Imperial Age
30:13 Fletching
30:34 Forging
30:24 Padded Archer Armor
32:49 Iron Casting
32:14 Scale Mail Armor
32:11 Bodkin Arrow
32:24 Thumb Ring
32:43 Ballistics
33:43 Gold Shaft Mining
33:26 Leather Archer Armor
y_oshi
8:19 Loom
10:13 Feudal Age
15:44 Castle Age
14:40 Double-Bit Axe
15:18 Horse Collar
18:01 Gambesons
23:42 Wheelbarrow
23:48 Heavy Plow
25:50 Hand Cart
28:11 Gold Mining
28:30 Pikeman
32:02 Imperial Age
29:48 Stone Mining
.wailord
0:32 Loom
11:58 Feudal Age
12:27 Double-Bit Axe
12:24 Horse Collar
14:35 Gold Mining
16:43 Scale Barding Armor
17:14 Bloodlines
18:15 Forging
陟遐自迩
0:55 Loom
12:31 Feudal Age
13:18 Horse Collar
18:56 Castle Age
16:49 Double-Bit Axe
17:13 Stone Mining
19:17 Wheelbarrow
21:39 Bow Saw
21:21 Gold Mining
21:34 Heavy Plow
23:43 Gold Shaft Mining
23:47 Stone Shaft Mining
26:35 Forging
26:25 Scale Mail Armor
28:48 Iron Casting
28:29 Chain Mail Armor
29:42 Fletching
_xy_2252
2:31 Loom
11:26 Feudal Age
12:44 Wheelbarrow
11:56 Double-Bit Axe
11:53 Horse Collar
16:00 Castle Age
13:45 Town Watch
14:11 Stone Mining
19:22 Gold Mining
22:03 Gold Shaft Mining
30:06 Imperial Age
28:31 Stone Shaft Mining
28:43 Padded Archer Armor
28:49 Fletching
29:34 Leather Archer Armor
29:44 Bow Saw
30:48 Bodkin Arrow
32:37 Chemistry
31:18 Capped Ram
Connection lost

Rejoining the realm…

Still unreachable

The connection could not be restored.

Session expired

The server has moved on; the page needs a fresh start.